 Dungeon Crawl Stone Soup version 0.30-a0-122-g2a1322497e (webtiles) character file.

Game seed: 17817418806364346151

38 Pilot the Caller (level 3, -2/14 HPs)
             Began as a Felid Summoner on Sept 16, 2022.
             Slain by an adder (4 damage)
             ... on level 3 of the Dungeon on Sept 17, 2022.
             The game lasted 00:08:55 (2215 turns).

Pilot the Caller (Felid Summoner)                   Turns: 2215, Time: 00:08:55

Health: -2/14      AC:  1    Str:  6    XL:     3   Next: 25%
Magic:  6/7        EV: 18    Int: 22    God:
Gold:   154        SH:  0    Dex: 16    Spells: 5/6 levels left
                                        Lives:  0   Deaths: 0

rFire   . . .      SeeInvis +    (weapon unavailable)
rCold   . . .      Faith    .    (shield unavailable)
rNeg    . . .      Spirit   .    (body armour unavailable)
rPois   .          Reflect  .    (helmet unavailable)
rElec   .          Harm     .    (cloak unavailable)
rCorr   .          Rampage  .    (gloves unavailable)
Will    .....                    (boots unavailable)
Stlth   ++........               (no amulet)
HPRegen 0.04/turn                g - +6 ring of intelligence
MPRegen 0.10/turn                (no ring)

@: quick
A: very small, claws 1, fangs 3, see invisible, speed 1, shaggy fur 1, stealthy
paws, no weapons or thrown items, no armour, multi-lived
a: no special abilities


You were on level 3 of the Dungeon.
You visited 1 branch of the dungeon, and saw 3 of its levels.

You collected 154 gold pieces.

Inventory:

Jewellery
 g - a +6 ring of intelligence (left paw)
Scrolls
 b - a scroll of noise {unknown}
 e - a scroll of enchant weapon {unknown}
 f - a scroll of magic mapping {unknown}
 i - a scroll of immolation {unknown}
 k - a scroll of poison {unknown}
 l - a scroll of identify {unknown}
 m - a scroll of vulnerability {unknown}
 n - a scroll of enchant armour {unknown}
Potions
 a - a potion of magic
 c - a potion of degeneration {unknown}
 d - a potion of curing {unknown}
 h - a potion of brilliance {unknown}
 j - a potion of mutation {unknown}


   Skills:
 + Level 3.2 Dodging
 + Level 3.4 Stealth
 + Level 0.7 Unarmed Combat
 + Level 2.3 Spellcasting
 + Level 4.2 Summonings


You had 5 spell levels left.
You knew the following spells:

 Your Spells              Type           Power      Damage    Failure   Level
a - Summon Small Mammal   Summ           84%        N/A       2%          1

Your spell library contained the following spells:

 Spells                   Type           Power      Damage    Failure   Level
 Call Imp                 Summ           21%        N/A       3%          2
 Call Canine Familiar     Summ           21%        N/A       7%          3
 Summon Guardian Golem    Hex/Summ       11%        N/A       17%         3
 Summon Lightning Spire   Summ/Air       11%        N/A       50%         4


Dungeon Overview and Level Annotations

Branches:
Dungeon (3/15)

Altars:

Annotations:
D:3 Sigmund


Innate Abilities, Weirdness & Mutations

You have sharp claws.
You have razor-sharp teeth.
You have supernaturally acute eyesight. (SInv)
You cover ground quickly. (Speed+)
You are covered in fur. (AC +1)
Your paws help you pounce on unaware monsters.
You are incapable of wielding weapons or throwing items.
You cannot wear armour.
You gain extra lives every three experience levels.


Message History

You see here 3 large rocks.
You open the door.
There is an open door here.
There is a faded altar of an unknown god here.
You open the door.
There is an open door here.
You open the door.
There is an open door here.
Done exploring.
Done exploring.
There is a stone staircase leading down here.
You climb downwards.
There is a stone staircase leading up here.
Found a ring mail.
Found a stone staircase leading down.
n - a scroll labelled ZERYFO SARYU
There is a stone staircase leading down here.
Sigmund and an adder come into view.
Sigmund shouts!
The adder hisses angrily.
Casting: Summon Small Mammal (safe; 2% risk of failure)
Confirm with . or Enter, or press ? or * to list all spells.
Sigmund points at you and mumbles some strange words.
The magic dart hits you.
Casting: Summon Small Mammal (safe; 2% risk of failure)
Confirm with . or Enter, or press ? or * to list all spells.
The adder attacks as you move away! The adder bites you.
Your quokka closely misses the adder.
The adder attacks as you move away! The adder completely misses you.
Your rat bites Sigmund but does no damage.
Your quokka closely misses the adder.
Something hits your rat!
Your rat dies!
Your rat's corpse disappears in a puff of smoke!
You see here a +0 ring mail.
The adder attacks as you move away! The adder bites you.
The adder attacks as you move away! The adder closely misses you.
The adder bites you.
* * * LOW HITPOINT WARNING * * *
The adder attacks as you move away! The adder bites you.
You die...

####...........###
#................+
#.....########...#
#.....# ######...#
#.....# #...>....##
#....<# #....[....#
#.....# #..r......#
###.....###.S........#
...........@.....#....#
###.....###.#.#.......#
.....#####.....#.#......
..... .......#.##+#...
.#.## ###.....#.# ## ...
.....##.# .. #####.. .Ť


You could see an adder (ally target) and a friendly quokka (summoned).

Vanquished Creatures
  An endoplasm (D:2)
  3 giant cockroaches (D:1)
  3 goblins
  A hobgoblin (D:1)
  2 jackals (D:2)
  A quokka (D:1)
  2 bats
  A kobold (D:2)
  A rat (D:1)
15 creatures vanquished.

Vanquished Creatures (collateral kills)
  2 endoplasms (D:1)
  2 giant cockroaches (D:1)
  2 goblins (D:1)
  4 jackals
  A kobold (D:1)
  A quokka (D:1)
  2 bats (D:1)
  A rat (D:1)
15 creatures vanquished.

Grand Total: 30 creatures vanquished

Notes
Turn   | Place    | Note
-------+----------+-------------------------------------------
     0 | D:1      | Pilot the Felid Summoner began the quest for the Orb.
     0 | D:1      | Reached XP level 1. HP: 7/7 MP: 4/4
   208 | D:1      | Reached XP level 2. HP: 9/11 MP: 3/6
  1626 | D:2      | Reached XP level 3. HP: 13/14 MP: 4/7
  2048 | D:2      | Found a faded altar of an unknown god.
  2200 | D:3      | Noticed Sigmund
  2215 | D:3      | Slain by an adder

Illustrated notes

Levels and vault maps discovered:
D:1:      psy_arrival_dodecagon, layout_basic, solitary_fountain
D:2:      layout_rooms, shapermc_ecumenical_altar_ellora
D:3:      layout_basic, marbit_many_paths, general_overflow_altar,
          chequers_temple_overflow_minitemple, minmay_misc_feat_pillars,
          uniq_robin, uniq_sigmund

Skill      XL: |  1 |
---------------+----+-----
Stealth        | 3 |  3.4
Dodging        | 3 |  3.2
Unarmed Combat | |  0.7
Spellcasting   | |  2.3
Summonings     | |  4.2

Action                   || total
-------------------------++-------
Melee: Unarmed           ||    71
       Bite              ||    10
 Cast: Summon Small Mamm ||    30
 Stab: Sleeping          ||     4
       Distracted        ||     2
Armor: Skin              ||     7
Dodge: Dodged            ||    85

Table legend: (Time is in decaauts)
 A = Elapsed time spent in this place.
 B = Non-inter-level travel time spent in this place.
 C = Inter-level travel time spent in this place.
 D = Time resting spent in this place.
 E = Time spent auto-exploring this place.
 F = Levels seen in this place.
 G = Mean time per level.
                   A        B        C        D        E       F      G
               +--------+--------+--------+--------+--------+-----+--------+
         Total |   1992 |   1919 |     73 |      0 |   1287 |   3 |  664.0 |
       Dungeon |   1992 |   1919 |     73 |      0 |   1287 |   3 |  664.0 |
               +--------+--------+--------+--------+--------+-----+--------+

Top non-repeatable levels by time:
     D:1: 1469 daAuts
     D:2: 494 daAuts
     D:3: 29 daAuts
